 Dungeon Crawl Stone Soup version 0.18-a0-721-g8fc53f4 (webtiles) character file.

298 Korkiloff the Stinger (level 6, -1/39 HPs)
             Began as an Octopode Venom Mage on Dec 8, 2015.
             Slain by an orc wizard
             ... wielding a +0 dagger
              (6 damage)
             ... on level 4 of the Dungeon.
             The game lasted 00:18:48 (3489 turns).

Korkiloff the Stinger (Octopode Venom Mage)         Turns: 3489, Time: 00:18:49

Health: -1/39      AC:  1    Str:  8    XL:     6   Next: 36%
Magic:  9/10       EV: 13    Int: 19    God:
Gold:   136        SH:  0    Dex: 12    Spells: 3 memorised, 4 levels left

rFire  . . .     SeeInvis .     Q - -2 short sword (curse)
rCold  + . .     Clarity  .     (no shield)
rNeg   . . .     SustAt   .     (helmet restricted)
rPois  .         Gourm    .     (no amulet)
rElec  .         Spirit   .     N - ring of protection from cold
rCorr  .         Dismiss  .     (no ring)
rMut   .         Stasis   .     (no ring)
MR     .....                    (no ring)
Stlth  ++++......               (no ring)
                                (no ring)
                                (no ring)
                                (no ring)

@: not resistant to hostile enchantments, stealthy
A: almost no armour, amphibious, 8 rings, constrict 8, camouflage 1, gelatinous
body 1
a: no special abilities


You were on level 4 of the Dungeon.
You were not hungry.

You visited 1 branch of the dungeon, and saw 4 of its levels.

You collected 136 gold pieces.

Inventory:

Hand Weapons
 i - a +0 mace
 k - a +0 club
 n - a +0 hunting sling
 o - a +0 short sword
 A - a +0 morningstar
 G - a +0 mace
 H - a +0 short sword
 I - a +0 trident
 Q - a cursed -2 short sword (weapon)
Missiles
 h - 11 poisoned needles
 v - 46 arrows
 z - 2 throwing nets
 B - 8 bolts
 J - a tomahawk (quivered)
Jewellery
 N - a ring of protection from cold (left tentacle)
Scrolls
 c - 3 scrolls of remove curse
 d - 2 scrolls of enchant armour {unknown}
 g - 2 scrolls of blinking {unknown}
 j - a scroll of enchant weapon {unknown}
 l - a scroll of immolation {unknown}
 m - a scroll of amnesia {unknown}
 q - 2 scrolls of recharging {unknown}
 t - 2 scrolls of fear {unknown}
 x - a scroll of teleportation {unknown}
 y - 2 scrolls of identify {unknown}
 C - a scroll of magic mapping {unknown}
 D - a scroll of random uselessness {unknown}
 F - 4 scrolls of noise {unknown}
 L - a scroll of fog {unknown}
Potions
 e - 2 potions of curing
 p - a potion of cure mutation {unknown}
 r - a potion of ambrosia {unknown}
 s - a potion of flight {unknown}
 u - a potion of invisibility {unknown}
 E - a potion of berserk rage {unknown}
 O - a potion of haste {unknown}
 P - a potion of mutation {unknown}
Books
 a - a Young Poisoner's Handbook

   Spells                             Type                      Level
   a - Sting                          Conjuration/Poison           1
   b - Cure Poison                    Poison                       2
   c - Mephitic Cloud                 Conjuration/Poison/Air       3
   d - Olgreb's Toxic Radiance        Poison                       4
   e - Venom Bolt                     Conjuration/Poison           5
Comestibles
 b - 3 bread rations
 f - 2 meat rations
 w - a slice of pizza
 M - 4 fruits


   Skills:
 + Level 1.7 Fighting
 + Level 1.4 Maces & Flails
 + Level 0.2 Throwing
 + Level 3.4 Dodging
 + Level 3.7 Stealth
 + Level 0.2 Unarmed Combat
 + Level 2.9 Spellcasting
 + Level 1.0 Conjurations
 + Level 0.6 Air Magic
 + Level 6.1 Poison Magic


You had 4 spell levels left.
You knew the following spells:

 Your Spells              Type           Power        Failure   Level  Hunger
a - Sting                 Conj/Pois      ###.         4%          1    None
b - Cure Poison           Pois           ####......   1%          2    ##.....
c - Mephitic Cloud        Conj/Pois/Air  ##......     17%         3    ###....


Dungeon Overview and Level Annotations

Branches:
Dungeon (4/15)
 Temple: D:4-7

Altars:
Xom
Yredelemnul

Annotations:
D:3 Sigmund


Innate Abilities, Weirdness & Mutations

You cannot wear most types of armour.
You are amphibious.
You can wear up to eight rings at the same time.
You can use your tentacles to constrict eight enemies at once.
Your skin changes colour to match your surroundings (Stealth).
Your rubbery body absorbs attacks (AC +1).


Message History

The orc wizard gestures wildly while chanting.
The orc wizard flickers and vanishes!
Deactivating autopickup; reactivate with Ctrl-A.
You see here an enchanted short sword.
Q - an enchanted short sword Wield which item (- for none, * to show all)? (? for menu, Esc to quit)
It sticks to your tentacle!
Q - a cursed -2 short sword (weapon)
Things that are here:
a mace; an orc corpse All of the chunks of flesh in your inventory have rotted away.
You start resting.
You hear some strange, mumbled words.
A puff of flame appears from out of thin air!
The puff of flame hits you!
* * * LOW HITPOINT WARNING * * *
Something hits you!
* * * LOW HITPOINT WARNING * * *
You closely miss something. Something hits you.
You die...

.....# ....# ####
.{. #... #'#
###.#. #(#######
#...#. #)...).[#
#####.####
#######.#####
#.....# #...{.#
#.##### #####@#
#####.# ###.#
#.....# #...#
#.##### ##
#.#'###'##### #.
#...........# #.
#####...........#
#.
#...............#
#.
#.#(............#
#.
#.#.##..........#
##


There were no monsters in sight!

Vanquished Creatures
  3 orc priests
  A worker ant (D:4)
  3 gnolls (D:4)
  4 adders
  An ooze (D:3)
  An adder zombie (D:1)
  3 worms
  3 giant geckos
  10 orcs
  A ball python (D:2)
  7 bats
  11 goblins
  14 hobgoblins
  7 jackals
  6 kobolds
  3 quokkas (D:2)
  2 giant cockroaches
  A giant cockroach zombie (D:1)
  2 giant newts
  8 rats
91 creatures vanquished.

Notes
Turn   | Place    | Note
--------------------------------------------------------------
     0 | D:1      | Korkiloff the Octopode Venom Mage began the quest for the Orb.
     0 | D:1      | Reached XP level 1. HP: 11/11 MP: 3/3
    30 | D:1      | Reached skill level 5 in Poison Magic
   255 | D:1      | Reached XP level 2. HP: 18/18 MP: 1/5
   262 | D:1      | Learned a level 2 spell: Cure Poison
   602 | D:1      | Reached XP level 3. HP: 19/22 MP: 1/6
  1060 | D:2      | Learned a level 3 spell: Mephitic Cloud
  1069 | D:2      | Found a shimmering altar of Xom.
  1090 | D:2      | Reached skill level 1 in Fighting
  1253 | D:2      | Reached XP level 4. HP: 26/28 MP: 5/7
  1590 | D:3      | Reached XP level 5. HP: 33/33 MP: 0/8
  1807 | D:3      | Found a basalt altar of Yredelemnul.
  1845 | D:3      | Reached skill level 6 in Poison Magic
  2019 | D:3      | Reached skill level 1 in Maces & Flails
  2670 | D:3      | Noticed Sigmund
  3068 | D:4      | Reached XP level 6. HP: 39/39 MP: 2/10
  3423 | D:4      | Reached skill level 1 in Conjurations
  3489 | D:4      | Slain by an orc wizard

Vault maps used:
D:1:      saegor_arrival_fortress, kennysheep_boxes
D:2:      minmay_stone_trees_small, xom_teletrap_fun
D:3:      yredelemnul_altar_generic, uniq_sigmund

Action                   |  1- 3 |  4- 6 || total
-------------------------+-------+-------++-------
Melee: Unarmed           |    10 |       ||    10
       Mace              |    50 |   102 ||   152
       Short sword       |       |     1 ||     1
Throw: Tomahawk          |     3 |     8 ||    11
       Throwing net      |       |     1 ||     1
 Cast: Sting             |    34 |    37 ||    71
       Mephitic Cloud    |     1 |     7 ||     8
  Use: Scroll            |     1 |       ||     1
       Potion            |       |     1 ||     1
 Stab: Sleeping          |     8 |     3 ||    11
       Confused          |       |     1 ||     1
  Eat: Chunk             |     2 |     8 ||    10
